 Dungeon Crawl Stone Soup version 0.29-a0-791-ga0f254aafb (webtiles) character file.

Game seed: 9932130808081513556

4280 Ajdolov the Severer (level 10, -3/81 HPs)
             Began as a Minotaur Fighter on July 3, 2022.
             Was an Elder of Okawaru.
             Slain by a manticore (7 damage)
             ... on level 8 of the Dungeon.
             The game lasted 00:13:31 (9577 turns).

Ajdolov the Severer (Minotaur Fighter)              Turns: 9577, Time: 00:13:33

Health: -3/81      AC: 14    Str: 25    XL:     10   Next: 10%
Magic:  0/12       EV: 10    Int:  5    God:    Okawaru [****..]
Gold:   380        SH:  4    Dex: 10    Spells: 9/9 levels left

rFire   + . .      SeeInvis .   a - +0 war axe
rCold   + . .      Faith    .   c - +0 buckler
rNeg    . . .      Spirit   +   m - +6 leather armour of Noon {rF+}
rPois   .          Reflect  .   (helmet restricted)
rElec   .          Harm     .   r - +1 cloak
rCorr   +          Rampage  .   G - +0 pair of gloves
Will    .....                   y - +0 pair of boots
Stlth   +.........              g - amulet of guardian spirit
HPRegen 0.23/turn               n - ring of protection from cold
MPRegen 0.13/turn               u - ring of resist corrosion

@: finesse-ful
A: horns 2, retaliatory headbutt
a: Renounce Religion, Heroism, Finesse


You were on level 8 of the Dungeon.
You worshipped Okawaru.
Okawaru was greatly pleased with you.
You visited 2 branches of the dungeon, and saw 10 of its levels.

You collected 380 gold pieces.

Inventory:

Hand Weapons
 a - a +0 war axe (weapon)
Missiles
 k - 10 boomerangs (quivered)
 o - 9 silver boomerangs
 C - 3 curare-tipped darts
 F - 5 javelins
Armour
 c - a +0 buckler (worn)
 m - the +6 leather armour of Noon (worn) {rF+}
   (You found it on level 5 of the Dungeon)

   rF:        It protects you from fire.
 r - a +1 cloak (worn)
 y - a +0 pair of boots (worn)
 G - a +0 pair of gloves (worn)
Jewellery
 g - an amulet of guardian spirit (around neck)
 n - a ring of protection from cold (left hand)
 u - a ring of resist corrosion (right hand)
 D - a ring of positive energy
Wands
 H - a wand of digging (6)
Scrolls
 f - a scroll of fog
 h - 3 scrolls of teleportation
 i - 4 scrolls of amnesia
 j - 2 scrolls of silence
 p - a scroll of poison
 t - a scroll of torment
 B - 2 scrolls of identify
 E - a scroll of blinking
Potions
 b - a potion of heal wounds
 d - a potion of might
 e - 4 potions of attraction
 l - 3 potions of lignification {unknown}
 q - 2 potions of mutation {unknown}
 s - a potion of flight {unknown}
 v - 4 potions of curing {unknown}
 w - a potion of magic {unknown}
 x - a potion of cancellation {unknown}
 z - 2 potions of haste
 A - 2 potions of invisibility {unknown}


   Skills:
 - Level 5.0 Fighting
 * Level 15.3 Axes
 - Level 1.6 Throwing
 - Level 5.0 Armour
 - Level 3.6 Shields
 - Level 5.0 Invocations


You had 9 spell levels left.
You didn't know any spells.
Your spell library contained the following spells:

 Spells                   Type           Power      Damage    Failure   Level
 Passage of Golubria      Tloc           0%         N/A       100%        4
 Yara's Violent Unravell  Hex/Tmut       0%         3d3       100%        5
 Eringya's Noxious Bog    Tmut/Pois      0%         N/A       100%        6
 Tukima's Dance           Hex            Unusable   N/A       N/A         3
 Animate Dead             Necr           Unusable   N/A       N/A         4
 Summon Forest            Summ/Tloc      Unusable   N/A       N/A         5
 Haunt                    Necr/Summ      Unusable   N/A       N/A         7
 Summon Hydra             Summ           Unusable   N/A       N/A         7
 Infestation              Necr           Unusable   N/A       N/A         8

Dungeon Overview and Level Annotations

Branches:
Dungeon (9/15)             Temple (1/1) D:4
   Lair: D:8-11         Orc: D:9-12

Altars:
Ashenzari
Cheibriados
Dithmenos
Elyvilon
Fedhas
Gozag
Hepliaklqana
Kikubaaqudgha
Makhleb
Okawaru
Qazlal
Sif Muna
Trog
Uskayaw
Vehumet
Wu Jian
Yredelemnul
Zin
The Shining One

Annotations:
D:5 1 runed translucent door, Jepp2078's ghost, novice MiHu
D:7 2 transporters


Innate Abilities, Weirdness & Mutations

You have a pair of horns on your head.
You reflexively headbutt those who attack you in melee.


Message History

The centaur warrior barely misses you. You furiously retaliate!
You headbutt the centaur warrior. You block the centaur warrior's attack.
Unknown command.
You slash the centaur warrior!
The centaur warrior is severely wounded.
The centaur warrior hits you. The centaur warrior kicks you.
* * * LOW HITPOINT WARNING * * *
Unknown command.
You barely miss the centaur warrior. You headbutt the centaur warrior!
The centaur warrior is almost dead.
You block the centaur warrior's attack. The centaur warrior kicks you.
* * * LOW HITPOINT WARNING * * *
You slice the centaur warrior!!
You kill the centaur warrior!
Okawaru is honoured by your kill.
You can now speed up your combat.
Your Axes skill increases to level 15!
You have reached level 10!
You can now deal lightning-fast blows.
You feel much better. The manticore bites you!!
* * * LOW HITPOINT WARNING * * *
The manticore completely misses you.
The manticore claws you but does no damage.
You slash the manticore! You headbutt the manticore.
The manticore is moderately wounded.
You closely miss the manticore.
The manticore is moderately wounded.
You block the manticore's attack.
The manticore claws you but does no damage.
The manticore misses you.
You barely miss the manticore. You headbutt the manticore.
The manticore is moderately wounded.
You slice the manticore!! You headbutt the manticore.
The manticore is severely wounded.
The manticore bites you!!
* * * LOW HITPOINT WARNING * * *
The manticore claws you.
* * * LOW HITPOINT WARNING * * *
The manticore claws you!
You die...

# ## .##
##############
..###...[>)†...H.#
......##########@#
..##### #.#
.######### #†#
.........# #)#
########.# #)# #
#.# #.# # #.# #.#
# #.# ###.# #
#.#####.#.######


You could see a manticore.

Vanquished Creatures
  A centaur warrior (D:8)
  Prince Ribbit (D:5)
  Grinder (D:5)
  Eustachio (D:5)
  A yak (D:8)
  A vampire mosquito (D:8)
  Menkaure (D:5)
  4 orc warriors
  2 ice beasts (D:7)
  2 ogres
  A centaur (D:7)
  A phantom (D:5)
  Blork the orc (D:5)
  5 kobold brigands
  A bullfrog (D:8)
  2 scorpions (D:5)
  4 killer bees
  A bouda (D:7)
  10 orc priests
  A hound (D:7)
  5 iguanas
  Natasha (thrice) (D:2)
  10 orc wizards
  Robin (D:2)
  8 gnolls
  13 adders
  A white imp (D:6)
  An ufetubus (D:5)
  2 worms (D:2)
  A dart slug (D:4)
  34 orcs
  10 ball pythons
  5 bats
  4 endoplasms
  2 giant cockroaches
  7 goblins
  6 hobgoblins
  5 jackals
  19 kobolds
  4 quokkas
  3 frilled lizards
  4 rats
190 creatures vanquished.

Notes
Turn   | Place    | Note
-------+----------+-------------------------------------------
     0 | D:1      | Ajdolov the Minotaur Fighter began the quest for the Orb.
     0 | D:1      | Reached XP level 1. HP: 19/19 MP: 0/0
    85 | D:1      | Found a faded altar of an unknown god.
   140 | D:1      | Reached skill level 3 in Axes
   232 | D:1      | Reached XP level 2. HP: 27/27 MP: 1/1
   747 | D:2      | Reached XP level 3. HP: 30/33 MP: 2/2
   753 | D:2      | Noticed Natasha
   761 | D:2      | Killed Natasha
   762 | D:2      | Reached skill level 4 in Axes
  1052 | D:2      | Reached XP level 4. HP: 41/41 MP: 3/3
  1068 | D:2      | Noticed Natasha
  1078 | D:2      | Killed Natasha
  1085 | D:2      | Noticed Robin
  1093 | D:2      | Killed Robin
  1094 | D:2      | Reached skill level 5 in Axes
  1648 | D:2      | Noticed Natasha
  1656 | D:2      | Killed Natasha
  1657 | D:2      | Reached skill level 5 in Fighting
  1657 | D:2      | Reached XP level 5. HP: 30/48 MP: 4/4
  1867 | D:2      | Reached skill level 1 in Throwing
  2132 | D:2      | Reached skill level 6 in Axes
  3249 | D:4      | Reached XP level 6. HP: 56/56 MP: 5/5
  3302 | D:4      | Found a staircase to the Ecumenical Temple.
  3313 | Temple   | Entered the Ecumenical Temple
  3322 | Temple   | Became a worshipper of Warmaster Okawaru
  3930 | D:4      | Found an opulent altar of Gozag.
  4009 | D:5      | Entered Level 5 of the Dungeon
  4151 | D:5      | Reached skill level 7 in Axes
  4151 | D:5      | Reached skill level 1 in Invocations
  4359 | D:5      | Found a bloodstained altar of Trog.
  4379 | D:5      | Noticed Eustachio
  4406 | D:5      | Killed Eustachio
  4407 | D:5      | Reached skill level 8 in Axes
  4407 | D:5      | Reached XP level 7. HP: 39/61 MP: 7/7
  4566 | D:5      | Identified the +6 leather armour of Noon {rF+}
  4580 | D:5      | Reached * piety under Okawaru
  4902 | D:5      | Found a runed translucent door.
  4915 | D:5      | Noticed Jepp2078's ghost (novice MiHu)
  4943 | D:5      | Noticed Prince Ribbit
  4953 | D:5      | Killed Prince Ribbit
  4954 | D:5      | Reached skill level 9 in Axes
  4974 | D:5      | Noticed Grinder
  4981 | D:5      | Killed Grinder
  4982 | D:5      | Reached XP level 8. HP: 37/68 MP: 9/9
  5271 | D:5      | Reached skill level 10 in Axes
  5408 | D:5      | Noticed Menkaure
  5417 | D:5      | Killed Menkaure
  5417 | D:5      | Reached ** piety under Okawaru
  5610 | D:5      | Noticed Blork the orc
  5623 | D:5      | Killed Blork the orc
  6057 | D:6      | Found a shadowy altar of Dithmenos.
  6171 | D:6      | Reached skill level 11 in Axes
  6171 | D:6      | Reached skill level 5 in Invocations
  7180 | D:7      | Noticed a slime creature
  7182 | D:7      | Found a transporter.
  7183 | D:7      | Found a transporter.
  7189 | D:7      | Noticed a troll
  7342 | D:7      | Reached XP level 9. HP: 38/74 MP: 7/11
  7522 | D:7      | Reached skill level 5 in Armour
  7625 | D:7      | Noticed a four-headed hydra
  7647 | D:7      | Reached *** piety under Okawaru
  7648 | D:7      | Reached skill level 12 in Axes
  7661 | D:7      | Found a shimmering blue altar of Sif Muna.
  8429 | D:7      | Received a gift from Okawaru
  8430 | D:7      | Reached skill level 13 in Axes
  8968 | D:8      | Noticed a manticore
  8968 | D:8      | Noticed a two-headed ogre
  8968 | D:8      | Noticed a centaur warrior
  8968 | D:8      | Noticed a meliai
  8968 | D:8      | Noticed a six-headed hydra
  8969 | D:8      | Noticed a centaur warrior
  9033 | D:7      | Reached skill level 14 in Axes
  9565 | D:8      | Killed a centaur warrior
  9565 | D:8      | Reached **** piety under Okawaru
  9566 | D:8      | Reached skill level 15 in Axes
  9566 | D:8      | Reached XP level 10. HP: 21/81 MP: 4/12
  9577 | D:8      | HP: 4/81 [manticore (2)]
  9577 | D:8      | Slain by a manticore

Illustrated notes

Levels and vault maps discovered:
D:1:      psy_arrival_conway, layout_loops_ring,
          shapermc_ecumenical_altar_pompeii, minmay_stone_trees_small
D:2:      layout_loops_ring, grunt_decor_clamped, fountainhead,
          minmay_snake_closets, uniq_robin, uniq_natasha
D:3:      layout_loops_corners, serial_bayou_pond_a, nrook_mini_vaults,
          reono_crystal_passage, nicolae_figureground_sparkle
D:4:      layout_basic, kennysheep_mini_moat, minmay_temple_entry_tees
D:5:      layout_basic, lemuel_doored_altar, ebering_ghost_reflecting_pool,
          hangedman_decor_lopped, minmay_misc_feat_x, uniq_menkaure,
          uniq_prince_ribbit1, uniq_grinder, uniq_eustachio, uniq_blork_the_orc
D:6:      layout_cave_pools, grunt_dithmenos_smoke_and_mirrors,
          chequers_serial_rivers_micro_d
D:7:      layout_loops_ring, gammafunk_temple_overflow_arena, roderic_lattice_a,
          david_defended_altar_orc
D:8:      minmay_the_grid_triangle_9x9_recursive_2
          [minmay_the_grid_triangle_9x9_prize_insulated,
          minmay_the_grid_triangle_9x9_sprig,
          minmay_the_grid_triangle_9x9_stretched_checkered,
          minmay_the_grid_triangle_9x9_empty], layout_loops_ring
D:9:      layout_loops_ring, xom_redecorated, erik_lair_orcish_takeover,
          gammafunk_ghost_hydra_chop, hangedman_misty_isle
Temple:   nicolae_temple_no_exploring_needed

Skill      XL: |  1  2  3  4  5  6  7  8  9 |
---------------+----------------------------+-----
Axes           | 3 4 5 6 8 9 11 15 | 15.3
Fighting       | 4 5 |  5.0
Throwing       | 1 |  1.6
Invocations    | 2 3 5 |  5.0
Armour         | 4 5 |  5.0
Shields        | |  3.6

Action                   |  1- 3 |  4- 6 |  7- 9 | 10-12 || total
-------------------------+-------+-------+-------+-------++-------
Melee: War axe           |    55 |   156 |   312 |     4 ||   527
       Headbutt          |     9 |    14 |    60 |     3 ||    86
Throw: Boomerang         |       |     6 |    10 |       ||    16
Invok: Finesse           |       |       |       |     1 ||     1
  Use: Potion            |       |     4 |       |     1 ||     5
       Scroll            |       |       |    10 |       ||    10
 Stab: Distracted        |       |     1 |       |       ||     1
Armor: Scale mail        |    28 |    88 |       |       ||   116
       Leather armour    |       |       |   151 |     2 ||   153
Dodge: Dodged            |    27 |    81 |   117 |     2 ||   227
Block: Buckler           |    12 |    33 |    63 |     1 ||   109

Table legend: (Time is in decaauts)
 A = Elapsed time spent in this place.
 B = Non-inter-level travel time spent in this place.
 C = Inter-level travel time spent in this place.
 D = Time resting spent in this place.
 E = Time spent auto-exploring this place.
 F = Levels seen in this place.
 G = Mean time per level.
                   A        B        C        D        E       F      G
               +--------+--------+--------+--------+--------+-----+--------+
         Total |   9641 |   9248 |    393 |   1346 |   6449 |  10 |  964.1 |
       Dungeon |   9624 |   9237 |    387 |   1346 |   6449 |   9 | 1069.3 |
        Temple |     16 |     10 |      6 |      0 |      0 |   1 |   16.0 |
               +--------+--------+--------+--------+--------+-----+--------+

Top non-repeatable levels by time:
     D:7: 1900 daAuts
     D:5: 1648 daAuts
     D:2: 1587 daAuts
     D:4: 1105 daAuts
     D:8: 1054 daAuts
     D:3: 965 daAuts
     D:1: 726 daAuts
     D:6: 625 daAuts
  Temple: 16 daAuts
     D:9: 11 daAuts
